 Dungeon Crawl Stone Soup version 0.31-a0-1570-g93c622d222 (webtiles) character file.

Game seed: 11796668626305370718

84 innerfire43 the Charlatan (level 4, -3/33 HPs)
             Began as a Demonspawn Wanderer on Jan 3, 2024.
             Succumbed to Sigmund's poison
             ... on level 3 of the Dungeon.
             The game lasted 00:02:36 (2014 turns).

innerfire43 the Charlatan (Demonspawn Wanderer)     Turns: 2014, Time: 00:02:36

Health: -3/33      AC:  6    Str: 13    XL:     4   Next: 23%
Magic:  4/4        EV: 12    Int:  9    God:
Gold:   111        SH:  0    Dex: 17    Spells: 3/3 levels left

rFire   . . .        a - +0 hand axe
rCold   . . .        (no shield)
rNeg    . . .        e - +0 leather armour
rPois   .            (no helmet)
rElec   .            (no cloak)
rCorr   +            (no gloves)
SInv    .            c - +0 pair of boots
Will    .....        (no amulet)
Stlth   +            k - ring of resist corrosion
HPRegen 0.25/turn    (no ring)
MPRegen 0.18/turn

%: no passive effects
@: lethally poisoned (-3 -> -18)
A: slimy green scales 1, magic regeneration
a: no special abilities


You were on level 3 of the Dungeon.
You visited 1 branch of the dungeon, and saw 3 of its levels.

You collected 111 gold pieces.

Inventory:

Hand Weapons
 a - a +0 hand axe (weapon)
Armour
 c - a +0 pair of boots (worn)
 e - a +0 leather armour (worn)
Jewellery
 k - a ring of resist corrosion (left hand)
Wands
 b - a wand of mindburst (14) (quivered)
Scrolls
 d - a scroll of fog
 f - 2 scrolls of poison {unknown}
 g - a scroll of summoning {unknown}
 h - 5 scrolls of noise {unknown}
 j - a scroll of fear {unknown}
 l - a scroll of teleportation {unknown}
 m - a scroll of revelation {unknown}
Potions
 i - a potion of heal wounds {unknown}
 n - a potion of lignification {unknown}


   Skills:
 + Level 2.1 Fighting
 + Level 2.5 Axes
 + Level 2.0 Armour
 + Level 2.5 Dodging
 - Level 4.0 Evocations


You had 3 spell levels left.
You didn't know any spells.
Your spell library contained the following spells:

 Spells                   Type           Power      Damage    Failure   Level
 Freeze                   Ice            0%         1d3       45%         1
 Necrotise                Necr           0%         1d4       45%         1
 Call Imp                 Summ           0%         N/A       61%         2
 Sublimation of Blood     Necr           0%         N/A       61%         2
 Frozen Ramparts          Ice            0%         1d1       83%         3
 Hailstorm                Conj/Ice       0%         3d5       83%         3
 Vampiric Draining        Necr           0%         2d6       83%         3
 Martyr's Knell           Necr/Summ      0%         N/A       99%         4
 Curse of Agony           Necr           0%         N/A       100%        5
 Summon Hydra             Summ           0%         N/A       100%        7


Dungeon Overview and Level Annotations

Branches:
Dungeon (3/15)

Altars:

Annotations:
D:3 Sigmund


Innate Abilities, Weirdness & Mutations

You are partially covered in slimy green scales. (AC +2)
You regenerate magic rapidly.


Message History

You kill the orc!
No target in view!
No target in view!
Things that are here:
a +0 dagger; a +0 scale mail You now have 111 gold pieces (gained 10).
Found a stone staircase leading up.
There is a stone staircase leading down here.
There is an open door here.
There is an open door here.
Found a trident.
There is a stone staircase leading up here.
You open the door.
There is an open door here.
Sigmund the Dreaded comes into view.
He is wielding a +0 scythe of venom.
Sigmund shouts!
Sigmund gestures wildly while chanting.
Sigmund flickers and vanishes!
Deactivating autopickup; reactivate with Ctrl-A.
You hear some strange, mumbled words.
Something tries to affect you, but you resist.
Something hits you.
You are poisoned.
You feel very sick.
You barely miss something.
You feel very sick. Something hits you!
You are more poisoned.
You miss something.
You feel very sick. Something hits you!
* * * LOW HITPOINT WARNING * * *
You hit something but do no damage.
* * * LOW HITPOINT WARNING * * *
You feel very sick. Something hits you.
* * * LOW HITPOINT WARNING * * *
You are more poisoned.
You barely miss something.
You die...

#.......##
##.## ##.....##
### ##...##
##'## #.# #.#
#####.## .
#######......#
......{@#.....#
##########...##
#...# #.....
#...### ##.##
#.#


There were no monsters in sight!

Vanquished Creatures
  2 adders (D:2)
  A white imp (D:3)
  A ribbon worm (D:2)
  An orc (D:3)
  5 endoplasms
  4 giant cockroaches
  4 goblins (D:1)
  4 hobgoblins
  2 jackals (D:2)
  6 kobolds
  3 quokkas
  8 ball pythons
  5 bats
  2 frilled lizards (D:1)
  6 rats
54 creatures vanquished.

Notes
Turn   | Place    | Note
-------+----------+-------------------------------------------
     0 | D:1      | innerfire43 the Demonspawn Wanderer began the quest for the
                  | Orb.
     0 | D:1      | innerfire43 set off with the following items: a +0 hand
                  | axe, a wand of mindburst (14), a +0 pair of boots, a scroll
                  | of fog, a +0 leather armour.
     0 | D:1      | Reached XP level 1. HP: 15/15 MP: 1/1
     2 | D:1      | Noticed a demonspawn
     2 | D:1      | Noticed an octopode
     4 | D:1      | Noticed a gargoyle
     6 | D:1      | Noticed a vampire
     6 | D:1      | Noticed a minotaur
     8 | D:1      | Noticed a ghoul
     8 | D:1      | Noticed a draconian
    10 | D:1      | Noticed an armataur
    10 | D:1      | Noticed a tengu
    12 | D:1      | Noticed a spriggan
    12 | D:1      | Noticed a vine stalker
    14 | D:1      | Noticed an ogre
    14 | D:1      | Noticed a human
    16 | D:1      | Noticed a formicid
    18 | D:1      | Noticed a naga
    18 | D:1      | Noticed an elf
    20 | D:1      | Noticed a merfolk
    20 | D:1      | Noticed a troll
    22 | D:1      | Noticed a demigod
    24 | D:1      | Noticed a ghoul
    24 | D:1      | Noticed a felid
    26 | D:1      | Noticed a vampire
    26 | D:1      | Noticed a gargoyle
   114 | D:1      | Gained mutation: You are partially covered in slimy green
                  | scales. (AC +2) [demonic ancestry]
   114 | D:1      | Reached XP level 2. HP: 15/21 MP: 2/2
   239 | D:1      | Found a faded altar of an unknown god.
   531 | D:1      | Gained mutation: You regenerate magic rapidly. [demonic
                  | ancestry]
   531 | D:1      | Reached XP level 3. HP: 24/26 MP: 3/3
  1607 | D:2      | Reached XP level 4. HP: 32/33 MP: 4/4
  2004 | D:3      | Noticed Sigmund
  2013 | D:3      | HP: 1/33 [something (3)]
  2014 | D:3      | Succumbed to Sigmund's poison

Illustrated notes

Levels and vault maps discovered:
D:1:      kb_arrival_jail, layout_loops_ring, nicolae_ecumenical_snake_handling,
          minmay_misc_feat_enclosed, minivault_26, minmay_tree_intersection
D:2:      layout_basic, minmay_indecisive_spiral
D:3:      layout_loops_corners, lemuel_coloured_pillars_altar, trog_antimagical,
          serial_shops, nicolae_shop_just_a_little_nook,
          uniq_crazy_yiuf_cottage, uniq_sigmund, uniq_robin

Skill      XL: |  1  2  3 |
---------------+----------+-----
Axes           | 2 |  2.5
Dodging        | 2 |  2.5
Fighting       | 2 |  2.1
Armour         | 2 |  2.0
Evocations     | |  4.0

Action                     |  1- 3 |  4- 6 || total
---------------------------+-------+-------++-------
  Melee: Hand axe          |   160 |    17 ||   177
         Punch             |     1 |       ||     1
   Stab: Sleeping          |     2 |       ||     2
 Armour: Leather armour    |    98 |     9 ||   107
  Dodge: Dodged            |   107 |     8 ||   115

Table legend: (Time is in decaauts)
 A = Elapsed time spent in this place.
 B = Non-inter-level travel time spent in this place.
 C = Inter-level travel time spent in this place.
 D = Time resting spent in this place.
 E = Time spent auto-exploring this place.
 F = Levels seen in this place.
 G = Mean time per level.
                   A        B        C        D        E       F      G
               +--------+--------+--------+--------+--------+-----+--------+
         Total |   2045 |   2028 |     17 |      0 |   1566 |   3 |  681.7 |
       Dungeon |   2045 |   2028 |     17 |      0 |   1566 |   3 |  681.7 |
               +--------+--------+--------+--------+--------+-----+--------+

Top non-repeatable levels by time:
     D:1: 857 daAuts
     D:2: 837 daAuts
     D:3: 350 daAuts
